 Dungeon Crawl Stone Soup version 0.29.0-4-gdea44cf6ec (webtiles) character file.

Game seed: 12162060006112236793

58 qw the Chopper (level 4, -5/26 HPs)
             Began as a Tengu Warper on Aug 28, 2022.
             Slain by a gnoll
             ... wielding a +0 flail
              (12 damage)
             ... on level 2 of the Dungeon.
             The game lasted 00:00:08 (1500 turns).

qw the Chopper (Tengu Warper)                       Turns: 1500, Time: 00:00:09

Health: -5/26      AC:  7    Str: 13    XL:     4   Next: 2%
Magic:  8/8        EV: 12    Int: 14    God:
Gold:   81         SH:  0    Dex: 13    Spells: 7/7 levels left

rFire   . . .      SeeInvis .   Y - +0 hand axe
rCold   . . .      Faith    .   (no shield)
rNeg    . . .      Spirit   .   b - +0 leather armour
rPois   .          Reflect  .   (helmet restricted)
rElec   .          Harm     .   (no cloak)
rCorr   .          Rampage  .   (no gloves)
Will    .....                   (boots unavailable)
Stlth   +.........              (no amulet)
HPRegen 0.08/turn               h - +4 ring of protection
MPRegen 0.11/turn               (no ring)

@: no status effects
A: beak, talons 3
a: no special abilities


You were on level 2 of the Dungeon.
You visited 1 branch of the dungeon, and saw 2 of its levels.

You collected 81 gold pieces.


Innate Abilities, Weirdness & Mutations

You have a beak for a mouth.
You have claws for feet.


   Skills:
 - Level 2.0 Fighting
 + Level 4.6 Axes
 - Level 1.0 Throwing
 - Level 1.1 Armour
 - Level 2.1 Dodging
 - Level 2.0 Spellcasting
 - Level 2.4 Translocations


You had 7 spell levels left.
You didn't know any spells.
Your spell library contained the following spells:

 Spells                   Type           Power      Damage    Failure   Level
 Blink                    Tloc           16%        N/A       17%         2
 Gell's Gravitas          Tloc           8%         N/A       34%         3
 Lesser Beckoning         Tloc           8%         N/A       34%         3
 Teleport Other           Tloc           8%         N/A       34%         3
 Manifold Assault         Tloc           8%         N/A       97%         5

Inventory:

Hand Weapons
 e - a +0 whip
 Y - a +0 hand axe (weapon)
Armour
 b - a +0 leather armour (worn)
Jewellery
 h - a +4 ring of protection (left hand)
Potions
 d - 2 potions of lignification {unknown}
 g - a potion of mutation {unknown}

Dungeon Overview and Level Annotations

Branches:
Dungeon (2/15)

Altars:
Sif Muna


Message History

A gnoll comes into view. It is wielding a +0 halberd.
The kobold misses you.
You miss the adder. You closely miss the kobold.
The gnoll shouts! x2
The kobold closely misses you. The adder bites you but does no damage.
You closely miss the adder. You peck the adder.
The adder is moderately wounded.
You completely miss the kobold. The adder bites you.
The kobold hits you but does no damage.
A gnoll comes into view. It is wielding a +0 flail.
The adder closely misses you.
You barely miss the adder.
The gnoll shouts!
Your peck misses the adder.
The adder is moderately wounded.
You hit the kobold.
You kill the kobold!
The adder closely misses you.
You completely miss the adder.
The adder is moderately wounded.
You closely miss the rat. The rat barely misses you.
The adder closely misses you.
You completely miss the adder. Your kick misses the adder. You peck the adder.
The adder is severely wounded.
You barely miss the rat. You hit the gnoll. The adder closely misses you.
The gnoll barely misses you. The rat misses you.
The adder bites you but does no damage.
You hit the adder.
You kill the adder!
You hit the rat.
You kill the rat!
You barely miss the gnoll. The gnoll hits you with a +0 flail.
The gnoll hits you from afar with a +0 halberd.
You have reached level 4!
You feel clever.
You closely miss the gnoll. Your kick misses the gnoll.
The gnoll is lightly wounded.
You hit the goblin. The goblin hits you but does no damage.
The gnoll hits you with a +0 flail!
You die...

.... ..... .# #.!...
..####### ###......
#..#....####...#....
#......##.....g.._.
#.....##....g.....
#.....##..ggw.....
#.....#...@g....##
#......#########
##>..### ###.# ###
#######.#
..###.......#
#..##.#######
....).# .#.####


You could see a worm, 4 gnolls and a goblin.

Vanquished Creatures
  A gnoll (D:1)
  An adder (D:2)
  2 dart slugs
  2 endoplasms (D:1)
  2 giant cockroaches
  5 goblins
  2 hobgoblins (D:1)
  2 quokkas (D:1)
  7 ball pythons
  A frilled lizard (D:1)
  4 kobolds
  6 rats
35 creatures vanquished.

Vanquished Creatures (others)
  A plant (D:1)
1 creature vanquished.

Grand Total: 36 creatures vanquished

Notes
Turn   | Place    | Note
-------+----------+-------------------------------------------
     0 | D:1      | qw the Tengu Warper began the quest for the Orb.
     0 | D:1      | Reached XP level 1. HP: 12/12 MP: 4/4
     0 | D:1      | 0 ||| qw: Version: 0.1-a-89-g26bdef1
     0 | D:1      | 0 ||| qw: Game counter: 1774
     0 | D:1      | 0 ||| qw: Always use a shield: true
     0 | D:1      | 0 ||| qw: God list: Okawaru
     0 | D:1      | 0 ||| qw: Allow faded altars: false
     0 | D:1      | 0 ||| qw: Do Orc after D:15 true
     0 | D:1      | 0 ||| qw: Do second Lair branch before Depths: true
     0 | D:1      | 0 ||| qw: Lair rune preference: random
     0 | D:1      | 0 ||| qw: Plans: Normal
     0 | D:1      | 0 ||| PLANNING D:1-11
   114 | D:1      | Reached XP level 2. HP: 17/17 MP: 6/6
   167 | D:1      | Found a faded altar of an unknown god.
   174 | D:1      | Reached skill level 3 in Axes
   237 | D:1      | 237 ||| Stepping ~*~*~tactically~*~*~ (hiding).
   238 | D:1      | 238 ||| Stepping ~*~*~tactically~*~*~ (hiding).
   555 | D:1      | HP: 3/17 [gnoll/+0 club (4)]
   557 | D:1      | Reached XP level 3. HP: 4/21 MP: 7/7
   615 | D:1      | 615 ||| Stepping ~*~*~tactically~*~*~ (stealth).
   626 | D:1      | 626 ||| Stepping ~*~*~tactically~*~*~ (stealth).
   922 | D:1      | Reached skill level 4 in Axes
  1314 | D:1      | 1314 ||| UPGRADING to +4 ring of protection.
  1315 | D:1      | 1315 ||| READING scroll labelled PUWEOCSENA.
  1316 | D:1      | 1316 ||| READING scroll labelled OWAOGO YPERI.
  1317 | D:1      | 1317 ||| DROPPING scroll of blinking.
  1481 | D:2      | Found a shimmering blue altar of Sif Muna.
  1483 | D:2      | 1483 ||| Stepping ~*~*~tactically~*~*~ (stealth).
  1488 | D:2      | 1488 ||| Stepping ~*~*~tactically~*~*~ (stealth).
  1490 | D:2      | 1490 ||| Stepping ~*~*~tactically~*~*~ (stealth).
  1492 | D:2      | 1492 ||| Stepping ~*~*~tactically~*~*~ (stealth).
  1500 | D:2      | Reached XP level 4. HP: 7/26 MP: 8/8
  1500 | D:2      | Slain by a gnoll

Levels and vault maps discovered:
D:1:      tarquinn_simple_flora_water_d, layout_basic,
          hellmonk_ecumenical_altar_pennies_from_heaven
D:2:      layout_basic, basic_altar, minmay_tetromino_i4,
          uniq_crazy_yiuf_cottage

Skill      XL: |  1  2  3 |
---------------+----------+-----
Axes           | 3 4 |  4.6
Fighting       | |  2.0
Throwing       | |  1.0
Armour         | |  1.1
Dodging        | |  2.1
Spellcasting   | |  2.0
Translocations | |  2.4

Action                   |  1- 3 |  4- 6 || total
-------------------------+-------+-------++-------
Melee: Hand axe          |    77 |     1 ||    78
       Kick              |    12 |       ||    12
       Peck              |     7 |       ||     7
       Punch             |     1 |       ||     1
Throw: Boomerang         |     7 |       ||     7
  Use: Scroll            |     2 |       ||     2
 Stab: Sleeping          |     1 |       ||     1
Armor: Leather armour    |    21 |     1 ||    22
Dodge: Dodged            |    37 |       ||    37

Table legend:
 A = Non-vault XP
 B = Vault XP
 C = Vault XP percentage of total XP
 D = Non-vault monster count
 E = Vault monster count
 F = Vault count percentage of total count
                 A         B        C        D         E       F
            +---------+---------+-------+---------+---------+-------
      Total |      81 |       3 |   3.6 |      33 |       2 |   5.7
            +---------+---------+-------+---------+---------+-------
        D:1 |      54 |       0 |   0.0 |      24 |       0 |   0.0
        D:2 |      27 |       3 |  10.0 |       9 |       2 |  18.2
            +---------+---------+-------+---------+---------+-------
